AoeStats
← Blazing Cartesia, The Virtuous

Arabia

508580995Analyzed
1v1 RM · 9d ago on Sep 23, 2026· 41m 25s· 2 players
Game mode
Random Map
Map size
Tiny (2 player)
Population
200
Speed
Normal
Resources
Standard
Victory
Conquest
Starting age
Dark Age
Ending age
Imperial Age
RankedLock teamsTeams togetherTeam positionsShared explorationLock speedFull tech treeHidden civsTurbo modeCheats
Victory
Defeat
1228
+16
🇲🇽 Saxons · Mexico
1229
-16
Blazing Cartesia, The Virtuous
6:05 Loom
9:18 Feudal Age
9:47 Double-Bit Axe
12:28 Horse Collar
17:17 Fletching
19:30 Wheelbarrow
23:13 Castle Age
21:43 Gold Mining
23:22 Forging
23:18 Scale Barding Armor
23:27 Bloodlines
24:25 Bow Saw
24:17 Heavy Plow
26:12 Gold Shaft Mining
25:43 Husbandry
27:04 Crossbowman
30:54 Bodkin Arrow
35:55 Iron Casting
35:50 Ballistics
37:42 Chain Barding Armor
41:02 Imperial Age
38:40 Town Watch
40:21 Hand Cart
40:47 Cavalier
The_cheems5
6:12 Loom
8:52 Feudal Age
9:20 Man-at-Arms
9:56 Town Watch
10:03 Double-Bit Axe
13:49 Arson
14:24 Horse Collar
17:26 Scale Mail Armor
21:50 Castle Age
22:13 Bloodlines
22:10 Scale Barding Armor
22:16 Forging
22:37 Fletching
25:21 Squires
29:10 Iron Casting
30:40 Bow Saw
31:22 Chain Mail Armor
37:31 Bodkin Arrow
36:58 Elite Skirmisher
38:13 Thumb Ring
39:01 Wheelbarrow
39:47 Padded Archer Armor
40:21 Hand Cart
Connection lost

Rejoining the realm…

Still unreachable

The connection could not be restored.

Session expired

The server has moved on; the page needs a fresh start.